 Dungeon Crawl Stone Soup version 0.31-a0-523-g071a6c1ffa (webtiles) character file.

Game seed: 123653822262959906

56 Newt the Changeling (level 3, -4/31 HPs)
             Began as a Draconian Shapeshifter on Aug 11, 2023.
             Slain by an iguana (12 damage)
             ... on level 3 of the Dungeon.
             The game lasted 00:02:02 (1119 turns).

Newt the Changeling (Draconian Shapeshifter)        Turns: 1119, Time: 00:02:03

Health: -4/31      AC:  5    Str: 19    XL:     3   Next: 71%
Magic:  0/3        EV: 12    Int:  8    God:
Gold:   103        SH:  0    Dex: 11    Spells: 2/2 levels left

rFire   . . .        j - +0 flail
rCold   . . .        (no shield)
rNeg    . . .        (body armour unavailable)
rPois   +            (helmet currently unavailable)
rElec   .            (cloak currently unavailable)
rCorr   .            (gloves currently unavailable)
SInv    .            (boots currently unavailable)
Will    .....        g - amulet of guardian spirit
Stlth   +            o - ring of poison resistance
HPRegen 0.25/turn    (no ring)
MPRegen 0.08/turn

%: guardian spirit
@: beast-form
A: beast (slay +2), AC +5, unfitting armour, cold-blooded
a: Begin Untransformation


You were on level 3 of the Dungeon.
You were a hulking beast.
You visited 1 branch of the dungeon, and saw 3 of its levels.

You collected 103 gold pieces.

Inventory:

Hand Weapons
 j - a +0 flail (weapon)
Jewellery
 g - an amulet of guardian spirit (around neck)
 i - a ring of ice
 o - a ring of poison resistance (left hand)
Talismans
 b - a beast talisman (active)
 c - a flux talisman
Scrolls
 h - a scroll of blinking
 l - a scroll of brand weapon {unknown}
 m - a scroll of enchant weapon {unknown}
 n - a scroll of identify {unknown}
Potions
 a - 2 potions of lignification
 d - a potion of berserk rage {unknown}
 e - a potion of mutation {unknown}
 f - a potion of heal wounds {unknown}
 k - a potion of curing {unknown}


   Skills:
 - Level 3.0 Fighting
 - Level 1.7 Dodging
 - Level 3.0 Unarmed Combat
 + Level 3.6 Shapeshifting


You had 2 spell levels left.
You didn't know any spells.
Your spell library was empty.

Dungeon Overview and Level Annotations

Branches:
Dungeon (3/15)

Altars:


Innate Abilities, Weirdness & Mutations

You are a hulking beast.
Your limbs bulge with bestial killing power. (Slay +2)
Your plain brown scales are hard. (AC +5)
You cannot fit into any form of body armour.
You are cold-blooded and may be slowed by cold attacks.


Message History

The iguana is lightly wounded.
The giant cockroach barely misses you. The iguana barely misses you.
The giant cockroach barely misses you.
You barely miss the iguana.
The iguana is lightly wounded.
The iguana misses you.
The giant cockroach bites you but does no damage.
The iguana closely misses you.
The giant cockroach waves its antennae.
The giant cockroach closely misses you.
You closely miss the iguana.
The iguana is lightly wounded.
The giant cockroach bites you but does no damage.
The iguana closely misses you.
You barely miss the iguana. You tail-slap the iguana.
The iguana is moderately wounded.
The giant cockroach misses you. The iguana bites you!
The giant cockroach barely misses you. The endoplasm hits you.
The iguana barely misses you.
Unknown command.
You closely miss the iguana.
The iguana is moderately wounded.
The giant cockroach closely misses you. The iguana bites you!
* * * LOW HITPOINT WARNING * * *
The endoplasm freezes you.
You are frozen.
* * * LOW HITPOINT WARNING * * *
You feel yourself slow down. The giant cockroach barely misses you.
The endoplasm attacks as you move away! The endoplasm barely misses you.
The iguana attacks as you move away! The iguana misses you.
The giant cockroach attacks as you move away!
The giant cockroach bites you but does no damage.
The iguana attacks as you move away! The iguana barely misses you.
The iguana closely misses you. The iguana attacks as you move away!
The iguana misses you.
The giant cockroach barely misses you. x2
The iguana attacks as you move away! The iguana closely misses you.
You feel yourself speed up. The iguana bites you!
You die...

.......#.###..##.
......#.#.....:.
..........:....
#†..#.......
#.†...#.....
#.#.#...#
#..JB.### #.#l###
#..h### #.....#
#.....# #.....#
#<....# #######


You could see an iguana, an endoplasm and a giant cockroach.

Vanquished Creatures
  An adder (D:2)
  A dart slug (D:3)
  7 endoplasms
  5 giant cockroaches
  A goblin (D:2)
  4 hobgoblins
  2 quokkas
  7 ball pythons
  3 bats
  2 frilled lizards
  6 kobolds
  2 rats (D:1)
41 creatures vanquished.

Notes
Turn   | Place    | Note
-------+----------+-------------------------------------------
     0 | D:1      | Newt the Draconian Shapeshifter began the quest for the
                  | Orb.
     0 | D:1      | Reached XP level 1. HP: 16/16 MP: 1/1
   139 | D:1      | Reached XP level 2. HP: 21/25 MP: 2/2
   679 | D:2      | Reached XP level 3. HP: 15/31 MP: 1/3
  1119 | D:3      | Slain by an iguana

Illustrated notes

Levels and vault maps discovered:
D:1:      lightli_arrival_lavapool, layout_basic,
          hangedman_decor_clover_reticule, hangedman_abyss_or_decor_stabs,
          hangedman_abyss_or_decor_lesser_grid
D:2:      layout_rooms
D:3:      layout_rooms, yredelemnul_forgotten_temple_becter, serial_shops, shop,
          uniq_jessica, uniq_crazy_yiuf_cottage

Skill      XL: |  1  2 |
---------------+-------+-----
Fighting       | 2 3 |  3.0
Dodging        | |  1.7
Unarmed Combat | |  3.0
Shapeshifting  | |  3.6

Action                     || total
---------------------------++-------
  Melee: Unarmed           ||    28
         Flail             ||    61
         Tailslap          ||     4
    Use: Scroll            ||     3
 Armour: Skin              ||    33
  Dodge: Dodged            ||    91

Table legend: (Time is in decaauts)
 A = Elapsed time spent in this place.
 B = Non-inter-level travel time spent in this place.
 C = Inter-level travel time spent in this place.
 D = Time resting spent in this place.
 E = Time spent auto-exploring this place.
 F = Levels seen in this place.
 G = Mean time per level.
                   A        B        C        D        E       F      G
               +--------+--------+--------+--------+--------+-----+--------+
         Total |   1145 |   1066 |     79 |     76 |    725 |   3 |  381.7 |
       Dungeon |   1145 |   1066 |     79 |     76 |    725 |   3 |  381.7 |
               +--------+--------+--------+--------+--------+-----+--------+

Top non-repeatable levels by time:
     D:1: 590 daAuts
     D:2: 517 daAuts
     D:3: 37 daAuts
